 Dungeon Crawl Stone Soup version 0.29.1-13-g9f3cf754e1 (webtiles) character file.

Game seed: 567317658236519957

214 Nickssm the Chiller (level 5, -1/35 HPs)
             Began as a Merfolk Ice Elementalist on Jan 20, 2023.
             Slain by Edmund
             ... wielding a +4 dire flail of protection
              (8 damage)
             ... on level 5 of the Dungeon.
             The game lasted 00:12:55 (3948 turns).

Nickssm the Chiller (Merfolk Ice Elementalist)      Turns: 3948, Time: 00:12:56

Health: -1/35      AC:  3    Str: 10    XL:     5   Next: 91%
Magic:  2/10       EV: 12    Int: 14    God:
Gold:   221        SH:  0    Dex: 15    Spells: 6/10 levels left

rFire   . . .      SeeInvis .   c - +0 club
rCold   . . .      Faith    .   (no shield)
rNeg    . . .      Spirit   .   a - +0 robe
rPois   .          Reflect  .   (no helmet)
rElec   .          Harm     .   (no cloak)
rCorr   .          Rampage  .   (no gloves)
Will    .....                   e - +0 pair of boots
Stlth   ++........              (no amulet)
HPRegen 0.11/turn               (no ring)
MPRegen 0.12/turn               (no ring)

@: hasted, very quick
A: (nimble swimmer 2), mertail
a: no special abilities


You were on level 5 of the Dungeon.
You visited 1 branch of the dungeon, and saw 5 of its levels.

You collected 221 gold pieces.

Inventory:

Hand Weapons
 c - a +0 club (weapon)
Armour
 a - a +0 robe (worn)
 e - a +0 pair of boots (worn)
Jewellery
 j - a ring of flight
 o - a +4 ring of protection
Scrolls
 d - a scroll of immolation {unknown}
 f - a scroll of poison {unknown}
 g - a scroll of enchant armour {unknown}
 h - 7 scrolls of identify {unknown}
 k - a scroll of vulnerability {unknown}
 n - a scroll of enchant weapon {unknown}
Potions
 b - 4 potions of magic
 i - a potion of brilliance {unknown}
 l - a potion of haste
 m - a potion of curing {unknown}
 p - a potion of might {unknown}


   Skills:
 - Level 2.6 Dodging
 - Level 2.1 Stealth
 + Level 3.4 Spellcasting
 * Level 6.7 Ice Magic


You had 6 spell levels left.
You knew the following spells:

 Your Spells              Type           Power      Damage    Failure   Level
a - Freeze                Ice            84%        1d10      1%          1
b - Frozen Ramparts       Ice            42%        1d7       3%          3

Your spell library contained the following spells:

 Spells                   Type           Power      Damage    Failure   Level
 Ozocubu's Armour         Ice            21%        N/A       3%          3
 Apportation              Tloc           4%         N/A       21%         1
 Hailstorm                Conj/Ice       11%        3d5       45%         4
 Call Canine Familiar     Summ           2%         N/A       52%         3
 Portal Projectile        Hex/Tloc       4%         N/A       52%         3
 Tukima's Dance           Hex            2%         N/A       52%         3
 Corpse Rot               Necr/Pois/Air  2%         N/A       90%         4
 Dispel Undead            Necr           2%         3d7       90%         4
 Leda's Liquefaction      Hex/Erth       1%         N/A       90%         4
 Passage of Golubria      Tloc           2%         N/A       90%         4
 Alistair's Intoxication  Tmut/Pois      1%         N/A       99%         5
 Yara's Violent Unravell  Hex/Tmut       1%         3d3       99%         5
 Death Channel            Necr           1%         N/A       100%        6


Dungeon Overview and Level Annotations

Branches:
Dungeon (5/15)
 Temple: D:4-7

Altars:
Gozag

Annotations:
D:5 Edmund


Innate Abilities, Weirdness & Mutations

((You are very nimble when in or above water. (Stealth+, EV+, Speed+++)))
Your lower body shifts to a powerful aquatic tail in water.


Message History

The wall freezes Edmund.
You freeze Edmund.
Edmund is lightly wounded.
The wall freezes Edmund but does no damage.
Edmund misses you.
You freeze Edmund.
Edmund is moderately wounded.
The wall freezes Edmund but does no damage.
Edmund hits you with a +4 dire flail of protection!
You freeze Edmund.
Edmund is heavily wounded.
The wall freezes Edmund.
Edmund hits you with a +4 dire flail of protection.
You freeze Edmund.
Edmund is heavily wounded.
The wall freezes Edmund.
Edmund hits you with a +4 dire flail of protection!
You are too injured to fight recklessly!
You are too injured to fight recklessly!
Casting: Freeze (safe; 1% risk of failure)
Confirm with . or Enter, or press ? or * to list all spells.
Aiming: Freeze (safe; 1% risk of failure)
Press: ? - help, Shift-Dir - straight line, f/p - Edmund
Aim: Edmund, wielding a +4 dire flail of protection and wearing a +0 leather armour (heavily wounded)
You freeze Edmund.
Edmund is severely wounded.
The frozen ramparts melt away.
Edmund barely misses you.
Casting: Freeze (safe; 1% risk of failure)
Confirm with . or Enter, or press ? or * to list all spells.
Aiming: Freeze (safe; 1% risk of failure)
Press: ? - help, Shift-Dir - straight line, f/p - Edmund
Aim: Edmund, wielding a +4 dire flail of protection and wearing a +0 leather armour (severely wounded)
You freeze Edmund.
Edmund is severely wounded.
Edmund hits you with a +4 dire flail of protection!
* * * LOW HITPOINT WARNING * * *
It was a potion of haste.
You feel yourself speed up. Edmund barely misses you.
Unknown command.
Edmund hits you with a +4 dire flail of protection!
You die...

#...?# #....# #
#....#
#.#####....#
#.#≈~~..~..#
##+♣~..≈..~~..+
.....#≈~~#~.~.####
....~..≈.~.≈~..@.#
.)...~≈#≈...~.##@#
....~.~.~~~♣~..#.#
....~~~.~.~?~....#
...~.♣..~♣.#~#.###
....♣~♣..~.......
## #~~~...####.###
....+........ ...
.####.....### ###
#.....#


You could see Edmund.

Vanquished Creatures
  A necrophage (D:4)
  A hound (D:4)
  5 adders
  3 worms
  3 dart slugs
  6 bats
  5 endoplasms
  3 giant cockroaches
  9 goblins
  6 hobgoblins
  4 jackals (D:1)
  A quokka (D:2)
  11 ball pythons
  5 frilled lizards
  6 kobolds
  4 rats
  A spectral kobold (D:1)
74 creatures vanquished.

Notes
Turn   | Place    | Note
-------+----------+-------------------------------------------
     0 | D:1      | Nickssm the Merfolk Ice Elementalist began the quest for
                  | the Orb.
     0 | D:1      | Reached XP level 1. HP: 13/13 MP: 3/3
   314 | D:1      | Reached XP level 2. HP: 19/19 MP: 1/5
   701 | D:1      | Reached skill level 5 in Ice Magic
   753 | D:1      | Reached XP level 3. HP: 21/24 MP: 1/6
  1204 | D:1      | Found a faded altar of an unknown god.
  1475 | D:2      | Learned a level 3 spell: Frozen Ramparts
  1923 | D:2      | Reached XP level 4. HP: 30/30 MP: 5/8
  3119 | D:4      | Reached skill level 6 in Ice Magic
  3415 | D:4      | Reached XP level 5. HP: 35/35 MP: 4/9
  3475 | D:4      | Found an opulent altar of Gozag.
  3766 | D:4      | Noticed an ogre
  3828 | D:4      | Noticed an ogre
  3919 | D:5      | Entered Level 5 of the Dungeon
  3919 | D:5      | Noticed Edmund
  3948 | D:5      | Slain by Edmund

Illustrated notes

Levels and vault maps discovered:
D:1:      lightli_arrival_noodles, layout_basic,
          dreamdust_ecumenical_altar_drowned_temple
D:2:      layout_basic, minmay_misc_feat_rows
D:3:      layout_loops_ring
D:4:      layout_basic, old_standard_altar
D:5:      layout_basic, serial_rivers, chequers_serial_rivers_marsh,
          chequers_serial_rivers_micro_e, chequers_serial_rivers_marsh,
          chequers_serial_rivers_small_3, chequers_serial_rivers_marsh,
          chequers_serial_rivers_micro_d, serial_bayou_lake_a, uniq_edmund

Skill      XL: |  1  2  3  4 |
---------------+-------------+-----
Ice Magic      | 5 6 |  6.7
Spellcasting   | 3 |  3.4
Dodging        | |  2.6
Stealth        | |  2.1

Action                   |  1- 3 |  4- 6 || total
-------------------------+-------+-------++-------
Melee: Club              |     8 |    11 ||    19
       Unarmed           |     1 |       ||     1
 Cast: Freeze            |    68 |    46 ||   114
       Frozen Ramparts   |       |    10 ||    10
  Use: Potion            |       |     1 ||     1
Armor: Robe              |    10 |     8 ||    18
Dodge: Dodged            |    38 |    23 ||    61
